 Dungeon Crawl Stone Soup version 0.31-a0-175-g9f7f995f2b (webtiles) character file.

Game seed: 2393397302966027720

204 qw the Shooter (level 5, -1/49 HPs)
             Began as a Naga Hunter on June 16, 2023.
             Slain by a gnoll
             ... wielding a +0 flail
             ... led by a gnoll bouda
              (3 damage)
             ... on level 3 of the Dungeon.
             The game lasted 00:00:48 (2085 turns).

qw the Shooter (Naga Hunter)                        Turns: 2085, Time: 00:00:49

Health: -1/49      AC:  4    Str: 10 (13) XL:     5   Next: 82%
Magic:  5/5        EV:  9    Int: 10      God:
Gold:   174        SH:  0    Dex: 16      Spells: 4/4 levels left

rFire   . . .        Y - +1 shortbow (heavy)
rCold   + . .        (shield currently unavailable)
rNeg    . . .        b - +0 leather armour {rC+}
rPois   +            (no helmet)
rElec   .            (no cloak)
rCorr   .            f - +0 pair of gloves
SInv    +            (no barding)
Will    .....        (no amulet)
Stlth   ++           (no ring)
HPRegen 0.28/turn    (no ring)
MPRegen 0.09/turn

%: no passive effects
@: about to teleport, short of breath, very slow
A: AC +1, large, see invisible, deformed body, poison resistance, slowness 2,
spit poison 1, naga tail 1
a: Spit Poison


You were on level 3 of the Dungeon.
You visited 1 branch of the dungeon, and saw 4 of its levels.

You collected 174 gold pieces.


Innate Abilities, Weirdness & Mutations

Your serpentine skin is tough. (AC +1)
You have supernaturally acute eyesight. (SInv)
Armour fits poorly on your strangely shaped body.
Your system is resistant to poisons. (rPois)
You cover ground very slowly.
You can spit poison.
You have a snake-like lower body.


   Skills:
 - Level 3.3 Fighting
 + Level 5.7 Ranged Weapons
 - Level 1.5 Dodging
 - Level 1.5 Stealth


You had 4 spell levels left.
You didn't know any spells.
Your spell library was empty.

Inventory:

Hand Weapons
 Y - a +1 heavy shortbow (weapon)
Armour
 b - a +0 leather armour of cold resistance (worn)
 f - a +0 pair of gloves (worn)
Scrolls
 e - a scroll of identify
Potions
 d - a potion of might {unknown}
 g - 2 potions of curing
 i - a potion of attraction {unknown}
 m - a potion of resistance {unknown}
 n - a potion of mutation {unknown}

Dungeon Overview and Level Annotations

Branches:
Dungeon (4/15)
 Temple: D:4-7

Altars:


Message History

The scorpion is heavily wounded.
The scorpion barely misses you.
A gnoll comes into view. It is wielding a +0 club.
The scorpion stings you. The gnoll barely misses you.
A quokka comes into view.
A gnoll comes into view. It is wielding a +0 club.
You shoot an arrow. The arrow hits the scorpion.
You kill the scorpion!
The quokka twitches its whiskers.
The gnoll barely misses you. x2; The gnoll hits you with a +0 club!
You feel your intelligence returning.
2080 ||| STAIRDANCE The gnoll barely misses you.
The quokka bites you but does no damage.
The gnoll hits you with a +0 club.
You climb upwards.
You have got your breath back.
There is a stone staircase leading down here.
2082 ||| INVOKING Spit Poison.
Aiming: Spit Poison (1% risk of failure)
Press: ? - help, Shift-Dir - straight line, f - gnoll The splash of poison misses the gnoll.
The quokka bites you but does no damage.
The gnoll hits you with a +0 flail! The gnoll hits you with a +0 club!
You shoot an arrow. The arrow hits the gnoll.
The gnoll is moderately wounded.
The quokka closely misses you. The gnoll hits you with a +0 flail!
The gnoll barely misses you. The quokka misses you.
The gnoll hits you with a +0 flail! The gnoll barely misses you.
The quokka bites you.
2084 ||| READING scroll of teleportation.
As you read the scroll of teleportation, it crumbles to dust.
You feel strangely unstable. The gnoll completely misses you.
The quokka bites you but does no damage.
The gnoll hits you with a +0 club.
You shoot an arrow. The arrow hits the gnoll!
You kill the gnoll!
The gnoll hits you with a +0 flail.
You die...

#.##......###.# #.....#
#.######...#.## ###.#.#
# #.............# #.#.#
#
#.####......#.#####.#.#
# #.#
#.##.##..........# #
#.#
#.##...........#####
#.#
##.###....#######....
### #.###...#....##
#.### ..#
#......g@.#..# #.# #
#.# #####..)#r..## #.#
# #.# ##.###.## #.# #
#.# #.# #.# #.### #.#
#.# #.# ######..## #.#
#.# #.# #........# #.#
#.# #.# #.>...}.%. #.#
#.# #.# #.......%# #.#
#.# #.# ######..##


You could see a gnoll (swift) and a quokka.

Vanquished Creatures
  A scorpion (D:4)
  An orc priest (D:3)
  An orc wizard (D:3)
  A gnoll (D:3)
  An adder (D:2)
  A worm (D:2)
  A dart slug (D:3)
  3 orcs (D:3)
  5 endoplasms
  4 giant cockroaches
  A goblin (D:1)
  6 hobgoblins
  9 jackals
  2 kobolds
  7 quokkas
  11 ball pythons
  8 bats
  4 frilled lizards
  6 rats
73 creatures vanquished.

Notes
Turn   | Place    | Note
-------+----------+-------------------------------------------
     0 | D:1      | qw the Naga Hunter began the quest for the Orb.
     0 | D:1      | Reached XP level 1. HP: 19/19 MP: 1/1
     0 | D:1      | 0 ||| qw: Version: 0.2-a-29-g511e9b1
     0 | D:1      | 0 ||| qw: Game counter: 5915
     0 | D:1      | 0 ||| qw: Always use a shield: true
     0 | D:1      | 0 ||| qw: God list: Okawaru
     0 | D:1      | 0 ||| qw: Allow faded altars: false
     0 | D:1      | 0 ||| qw: Do Orc after D:15 true
     0 | D:1      | 0 ||| qw: Do second Lair branch before Depths: true
     0 | D:1      | 0 ||| qw: Lair rune preference: random
     0 | D:1      | 0 ||| qw: Plans: Normal
     0 | D:1      | 0 ||| PLANNING D:1-11
    28 | D:1      | 28 ||| INVOKING Spit Poison.
    46 | D:1      | 46 ||| INVOKING Spit Poison.
    84 | D:1      | 84 ||| INVOKING Spit Poison.
   159 | D:1      | 159 ||| INVOKING Spit Poison.
   177 | D:1      | 177 ||| INVOKING Spit Poison.
   179 | D:1      | Reached skill level 4 in Ranged Weapons
   179 | D:1      | Reached XP level 2. HP: 19/26 MP: 2/2
   182 | D:1      | 182 ||| INVOKING Spit Poison.
   218 | D:1      | 218 ||| INVOKING Spit Poison.
   313 | D:1      | 313 ||| INVOKING Spit Poison.
   317 | D:1      | 317 ||| INVOKING Spit Poison.
   377 | D:1      | 377 ||| INVOKING Spit Poison.
   451 | D:1      | 451 ||| INVOKING Spit Poison.
   461 | D:1      | Reached XP level 3. HP: 32/32 MP: 3/3
   476 | D:1      | 476 ||| INVOKING Spit Poison.
   480 | D:1      | 480 ||| INVOKING Spit Poison.
   562 | D:1      | 562 ||| INVOKING Spit Poison.
   567 | D:1      | 567 ||| INVOKING Spit Poison.
   570 | D:1      | 570 ||| INVOKING Spit Poison.
   616 | D:1      | 616 ||| UPGRADING to +0 pair of gloves.
   621 | D:1      | 621 ||| READING scroll labelled IGE SAFAUH.
   622 | D:1      | 622 ||| READING scroll labelled WUN GIZYFEITH.
   623 | D:1      | 623 ||| READING scroll labelled AKOXORR GACH.
   626 | D:1      | 626 ||| READING scroll labelled FISIKH ENESOFYA.
   627 | D:1      | 627 ||| DRINKING 2 emerald potions.
   628 | D:1      | 628 ||| DRINKING 2 murky white potions.
   629 | D:1      | 629 ||| DROPPING scroll of butterflies.
   630 | D:1      | 630 ||| DROPPING potion of brilliance.
   687 | D:2      | 687 ||| INVOKING Spit Poison.
   785 | D:2      | 785 ||| INVOKING Spit Poison.
   791 | D:2      | 791 ||| INVOKING Spit Poison.
   824 | D:2      | 824 ||| INVOKING Spit Poison.
   833 | D:2      | 833 ||| INVOKING Spit Poison.
   945 | D:2      | 945 ||| INVOKING Spit Poison.
   990 | D:2      | 990 ||| INVOKING Spit Poison.
  1030 | D:2      | 1030 ||| INVOKING Spit Poison.
  1056 | D:2      | 1056 ||| INVOKING Spit Poison.
  1069 | D:2      | 1069 ||| INVOKING Spit Poison.
  1150 | D:2      | 1150 ||| INVOKING Spit Poison.
  1163 | D:2      | 1163 ||| INVOKING Spit Poison.
  1180 | D:2      | Reached skill level 5 in Ranged Weapons
  1180 | D:2      | Reached XP level 4. HP: 39/39 MP: 4/4
  1317 | D:2      | 1317 ||| READING scroll labelled YFUOMUQU ZUESE.
  1318 | D:2      | 1318 ||| DRINKING 3 fizzy golden potions.
  1319 | D:2      | 1319 ||| READING 2 scrolls of identify.
  1319 | D:2      | 1319 ||| IDENTIFYING fuming puce potion
  1320 | D:2      | 1320 ||| DROPPING potion of enlightenment.
  1321 | D:2      | 1321 ||| DROPPING 2 potions of degeneration.
  1402 | D:3      | 1402 ||| INVOKING Spit Poison.
  1423 | D:3      | 1423 ||| INVOKING Spit Poison.
  1427 | D:3      | 1427 ||| INVOKING Spit Poison.
  1435 | D:3      | 1435 ||| INVOKING Spit Poison.
  1439 | D:3      | 1439 ||| INVOKING Spit Poison.
  1446 | D:3      | 1446 ||| INVOKING Spit Poison.
  1448 | D:3      | Reached skill level 3 in Fighting
  1448 | D:3      | Reached XP level 5. HP: 42/49 MP: 5/5
  1537 | D:3      | 1537 ||| INVOKING Spit Poison.
  1554 | D:3      | 1554 ||| INVOKING Spit Poison.
  1556 | D:3      | 1556 ||| Stepping ~*~*~tactically~*~*~ (outnumbered).
  1559 | D:3      | 1559 ||| INVOKING Spit Poison.
  1570 | D:3      | 1570 ||| INVOKING Spit Poison.
  1576 | D:3      | 1576 ||| INVOKING Spit Poison.
  1595 | D:3      | 1595 ||| INVOKING Spit Poison.
  1626 | D:3      | 1626 ||| INVOKING Spit Poison.
  1658 | D:3      | 1658 ||| INVOKING Spit Poison.
  1737 | D:3      | 1737 ||| INVOKING Spit Poison.
  1742 | D:3      | 1742 ||| INVOKING Spit Poison.
  1783 | D:3      | 1783 ||| INVOKING Spit Poison.
  1789 | D:3      | 1789 ||| INVOKING Spit Poison.
  1795 | D:3      | 1795 ||| INVOKING Spit Poison.
  1820 | D:3      | 1820 ||| INVOKING Spit Poison.
  2018 | D:3      | 2018 ||| UPGRADING to +0 leather armour of cold resistance.
  2028 | D:3      | 2028 ||| DROPPING +0 leather armour.
  2029 | D:3      | 2029 ||| READING scroll labelled LEUNEL SI UKOKK.
  2030 | D:3      | 2030 ||| READING 2 scrolls of identify.
  2030 | D:3      | 2030 ||| IDENTIFYING pink potion
  2031 | D:3      | 2031 ||| DROPPING potion of ambrosia.
  2077 | D:4      | 2077 ||| INVOKING Spit Poison.
  2080 | D:4      | 2080 ||| STAIRDANCE
  2082 | D:3      | 2082 ||| INVOKING Spit Poison.
  2083 | D:3      | HP: 4/49 [gnoll/+0 flail[a gnoll bouda] (12)]
  2084 | D:3      | 2084 ||| READING scroll of teleportation.
  2085 | D:3      | Slain by a gnoll

Levels and vault maps discovered:
D:1:      grunt_arrival_lava_bath, layout_basic
D:2:      layout_basic, minmay_bisected
D:3:      layout_loops_ring, grunt_ministairs_14
D:4:      layout_layer_cave, minmay_temple_entry_ruins, uniq_edmund, uniq_pikel

Skill      XL: |  1  2  3  4 |
---------------+-------------+-----
Ranged Weapons | 4 5 |  5.7
Fighting       | 3 |  3.3
Dodging        | |  1.5
Stealth        | |  1.5

Action                     |  1- 3 |  4- 6 || total
---------------------------+-------+-------++-------
   Fire: Shortbow          |    62 |    51 ||   113
Ability: Spit Poison       |    28 |    22 ||    50
    Use: Scroll            |     4 |     5 ||     9
         Potion            |     2 |     1 ||     3
 Armour: Leather armour    |     8 |     9 ||    17
  Dodge: Dodged            |    12 |    16 ||    28

Table legend:
 A = Non-vault XP
 B = Vault XP
 C = Vault XP percentage of total XP
 D = Non-vault monster count
 E = Vault monster count
 F = Vault count percentage of total count
                 A         B        C        D         E       F
            +---------+---------+-------+---------+---------+-------
      Total |     299 |       7 |   2.3 |      69 |       4 |   5.5
            +---------+---------+-------+---------+---------+-------
        D:1 |      47 |       0 |   0.0 |      28 |       0 |   0.0
        D:2 |      35 |       3 |   7.9 |      13 |       2 |  13.3
        D:3 |     137 |       4 |   2.8 |      27 |       2 |   6.9
        D:4 |      80 |       0 |   0.0 |       1 |       0 |   0.0
            +---------+---------+-------+---------+---------+-------
